[Event "*** Titled Tuesday Blitz"]
[Site "Chess.com"]
[Date "2020.04.21"]
[Round "2"]
[White "Gabix_94"]
[Black "ahappypawn"]
[Result "1-0"]
[WhiteElo "2816"]
[BlackElo "2355"]
[TimeControl "180+1"]
[EndTime "10:16:45 PDT"]
[Termination "Gabix_94 won by resignation"]

1. d4 d5 2. c4 c6 3. Nc3 Nf6 4. Nf3 dxc4 5. e4 b5 6. Be2 e6 7. O-O Be7 8. a4 b4 9. e5 bxc3 10. exf6 Bxf6 11. bxc3 O-O 12. Bxc4 c5 13. Ba3 Nd7 14.
dxc5 Qc7 15. c6 Nb6 16. Bxf8 Nxc4 17. Bc5 Qxc6 18. Bd4 e5 19. Be3 Nxe3 20. fxe3 Qxc3 21. Qd5 Qxe3+ 22. Kh1 Rb8 23. Rae1 Qb6 24. Nxe5 Be6 25. Qe4 Qa6 26. Nc6 Re8 27. Nd4 h6 28. Nxe6 Rxe6 29. Qa8+ Kh7 30. Qd5 Qxa4 31. Rxe6 fxe6 32. Qxe6 Qb5 33.
Qe4+ Kg8 34. Rc1 a5 35. Rc8+ Kf7 36. Rc7+ Kf8 37. Qa8+ Qe8 38. Rc8 1-0

[Event "*** Titled Tuesday Blitz"]
[Site "Chess.com"]
[Date "2020.04.21"]
[Round "2"]
[White "nekotyanof"]
[Black "NZT72"]
[Result "1-0"]
[WhiteElo "2261"]
[BlackElo "2452"]
[TimeControl "180+1"]
[EndTime "10:16:47 PDT"]
[Termination "nekotyanof won by resignation"]

1. e4 e5 2. Nf3 Nc6 3. Bc4 Bc5 4. c3 Nf6 5. d3 d6 6. h3 a6 7. a4 Ba7 8. Nbd2 O-O 9. Nf1 d5 10. exd5 Nxd5 11. Ng3 h6 12. O-O Re8 13. Ne4 Be6 14. Bd2 f5 15. Ng3 Qf6 16. Re1 Rad8 17. b4 e4 18. dxe4 Nxc3 19. Qb3 Nd4 20. Bxe6+ Qxe6 21. Qxe6+ Rxe6 22. Bxc3 Nc2 23. exf5 Rxe1+ 24. Rxe1 Nxe1 25. Nxe1 Rd1 26. Kf1 Rb1 27. Ke2 Rb3 28. Bd2 Ra3 29. a5 Kf7 30. Nd3 Bd4 31. Ne4 Ra2 32. Nc1 Ra1 33. Nb3 Ra2 34. Nxd4 1-0

[Event "*** Titled Tuesday Blitz"]
[Site "Chess.com"]
[Date "2020.04.21"]
[Round "2"]
[White "Karina_Ivanova"]
[Black "Stormeman100100"]
[Result "0-1"]
[WhiteElo "2213"]
[BlackElo "2448"]
[TimeControl "180+1"]
[EndTime "10:16:47 PDT"]
[Termination "Stormeman100100 won by resignation"]

1. Nf3 d5 2. g3 Nf6 3. Bg2 g6 4. c4 c6 5. O-O Bg7 6. d4 O-O 7. b3 a5 8. Nc3 Bf5 9. Bb2 Ne4 10. Nh4 Nxc3 11. Bxc3 Be6 12. Rc1 dxc4 13. bxc4 Bxc4 14.
Qd2 Nd7 15. Rfd1 Nf6 16. e4 b5 17. f4 Qb6 18. Kh1 Rfd8 19. f5 e6 20. e5 Nd5 21.
f6 Bf8 22. Ba1 Nc7 23. Nf3 Bd5 24. h4 h5 25. Kh2 b4 26. Rb1 Nb5 27. Rdc1 Rac8 28. Qe3 c5 29. dxc5 Rxc5 30. Rxc5 Qxc5 31. Nd4 Bxg2 32. Kxg2 Nxd4 33. Rd1 Qc2+ 34. Rd2 Qc6+ 35. Kh2 Nf3+ 0-1

[Event "*** Titled Tuesday Blitz"]
[Site "Chess.com"]
[Date "2020.04.21"]
[Round "2"]
[White "RU_B9"]
[Black "jaskol95"]
[Result "0-1"]
[WhiteElo "1767"]
[BlackElo "2365"]
[TimeControl "180+1"]
[EndTime "10:16:50 PDT"]
[Termination "jaskol95 won on time"]

1. c4 e5 2. Nc3 Nc6 3. e3 f5 4.
d4 e4 5. Nh3 Nf6 6. Be2 g6 7.
Nf4 Bg7 8. Rb1 a5 9. a3 O-O 10. b4 axb4 11. axb4 d6 12. Qb3 Kh8 13. h4 Qe8 14. Bb2 Ne7 15. Nb5 Qd7 16. d5 c6 17.
Nd4 cxd5 18. cxd5 Qa4 19. Qxa4 Rxa4 20. Nde6 Bxe6 21. Nxe6 Rfa8 22. Nxg7 Kxg7 23. h5 Nxd5 0-1

[Event "*** Titled Tuesday Blitz"]
[Site "Chess.com"]
[Date "2020.04.21"]
[Round "2"]
[White "ftorodent"]
[Black "Avileyshon7"]
[Result "1-0"]
[WhiteElo "2670"]
[BlackElo "2382"]
[TimeControl "180+1"]
[EndTime "10:16:52 PDT"]
[Termination "ftorodent won by resignation"]

1. d4 Nf6 2. c4 g6 3. Nc3 Bg7 4. e4 d6 5. Nf3 O-O 6. Be2 e5 7. O-O Nc6 8. d5 Ne7 9. Ne1 Nd7 10. Nd3 f5 11. Bd2 Nf6 12. f3 f4 13. c5 g5 14.
Rc1 Ng6 15. cxd6 cxd6 16. Nf2 h5 17. h3 Kh7 18. Nb5 Nh4 19. Nc7 Rb8 20. Ne6 Bxe6 21. dxe6 Qe7 22. Qb3 Rfe8 23. Bb5 Rec8 24. Qa3 Qxe6 25.
Be2 Bf8 26. Qxa7 d5 27. Rxc8 Rxc8 28. Qxb7+ Kh6 29. exd5 Nxd5 30. Bd3 Rc7 31. Qb3 g4 32. hxg4 hxg4 33. Nxg4+ Kg5 34. Be1 Bc5+ 35. Bf2 Bxf2+ 36. Nxf2 Qd6 37. Ne4+ 1-0

[Event "*** Titled Tuesday Blitz"]
[Site "Chess.com"]
[Date "2020.04.21"]
[Round "2"]
[White "Irishchessman16"]
[Black "Kobalia"]
[Result "0-1"]
[WhiteElo "2383"]
[BlackElo "2702"]
[TimeControl "180+1"]
[EndTime "10:16:53 PDT"]
[Termination "Kobalia won by checkmate"]

1. e4 c6 2. d4 d5 3. e5 Bf5 4. h4 h5 5. c4 e6 6. Nc3 Ne7 7. Nge2 Nd7 8. Ng3 Bg6 9. Be3 dxc4 10. Bxc4 Nb6 11. Bd3 Bxd3 12. Qxd3 Nbd5 13. O-O Ng6 14. Bg5 Be7 15. Nge4 Nxc3 16. Qxc3 Bxg5 17. Nd6+ Kf8 18. hxg5 Qxg5 19. f4 Qg4 20. f5 Nh4 21. Rf2 Nxf5 22. Raf1 g6 23. Rf4 Qg5 24. Nxf5 gxf5 25.
Qb4+ Kg7 26. Qxb7 Rab8 27. Qxc6 Rxb2 28. d5 Qxg2# 0-1

[Event "*** Titled Tuesday Blitz"]
[Site "Chess.com"]
[Date "2020.04.21"]
[Round "2"]
[White "GMJustin"]
[Black "canhhuan"]
[Result "0-1"]
[WhiteElo "2321"]
[BlackElo "2650"]
[TimeControl "180+1"]
[EndTime "10:16:53 PDT"]
[Termination "canhhuan won on time"]

1. d4 Nf6 2. c4 g6 3. Nc3 Bg7 4. e4 O-O 5. Bg5 d6 6. Qd2 e5 7.
dxe5 dxe5 8. Qxd8 Rxd8 9. Bxf6 Bxf6 10. Nd5 Nd7 11. Nxc7 Rb8 12. O-O-O Nc5 13. f3 Bg5+ 14. Kc2 Rxd1 15. Kxd1 f5 16. b4 Ne6 17. Nd5 Bd7 18. Bd3 Ba4+ 19. Bc2 Bxc2+ 20. Kxc2 Rc8 21. Kd3 Nf4+ 22.
Nxf4 Bxf4 23. Ne2 Rd8+ 24. Kc3 Bd2+ 25. Kb3 Be3 26. Nc3 Rd2 27. Rd1 Rxg2 0-1

[Event "*** Titled Tuesday Blitz"]
[Site "Chess.com"]
[Date "2020.04.21"]
[Round "2"]
[White "jefferyx"]
[Black "Gahan-MG"]
[Result "1/2-1/2"]
[WhiteElo "2852"]
[BlackElo "2590"]
[TimeControl "180+1"]
[EndTime "10:16:54 PDT"]
[Termination "Game drawn by agreement"]

1. c4 Nf6 2. Nf3 g6 3. Nc3 d5 4. cxd5 Nxd5 5. Qb3 Nb6 6. d4 Bg7 7. e4 O-O 8. Be3 Nc6 9. Rd1 Bg4 10. d5 Ne5 11. Be2 Qc8 12. Nxe5 Bxe5 13. O-O Bxe2 14. Nxe2 c6 15. Rc1 Qd7 16. dxc6 bxc6 17. Rfd1 Qb7 18. Nd4 Rac8 19. Ne6 Rfe8 20. Ng5 e6 21. Nf3 Bg7 22. Nd2 Qa6 23. Nf3 Qa4 24. Qxa4 Nxa4 25. b3 Nc3 26. Rd2 Nxe4 27. Rdc2 c5 28. Nd2 Nxd2 29. Rxd2 Bd4 30. Kf1 Bxe3 31. fxe3 Rc7 32. Rc4 Kf8 33. Rd6 Ke7 34. Ra6 Rd8 35. Ke2 Rd6 36. Ra5 Rd5 37. b4 Kd6 38. e4 Rg5 39. bxc5+ Rgxc5 40. Rcxc5 Rxc5 41. Rxa7 Rc2+ 42. Kf3 f5 43.
exf5 gxf5 44. Rxh7 1/2-1/2

[Event "*** Titled Tuesday Blitz"]
[Site "Chess.com"]
[Date "2020.04.21"]
[Round "2"]
[White "FMJoseHerrera"]
[Black "ChelsieMonica"]
[Result "1-0"]
[WhiteElo "2609"]
[BlackElo "2308"]
[TimeControl "180+1"]
[EndTime "10:16:54 PDT"]
[Termination "FMJoseHerrera won by resignation"]

1. Nf3 Nf6 2. g3 e6 3. Bg2 d5 4. d3 Be7 5. O-O O-O 6. c3 c5 7. a3 Nc6 8. b4 cxb4 9. axb4 Bd7 10. Nbd2 a5 11. b5 Na7 12. c4 Nc8 13. Bb2 Nb6 14. Ne5 Be8 15. e3 Nfd7 16. Nxd7 Bxd7 17. Qe2 Bf6 18. Bxf6 Qxf6 19. c5 Nc8 20. d4 Ne7 21. Rfb1 e5 22. Nf3 exd4 23. Nxd4 Rfc8 24. Rc1 a4 25.
Qd1 a3 26. Qb3 Nf5 27. Nxf5 Qxf5 28. Bxd5 Bxb5 29. Bxb7 Bc6 30. Bxc6 Rxc6 31. Rxa3 Rac8 32. Ra5 h5 33. Qb4 Qh3 34. Qe4 Rh6 35. Ra8 h4 36. Rxc8+ Qxc8 37. c6 hxg3 38. hxg3 Qh3 39. Qg2 Qc8 40.
c7 Re6 41. Qd5 Re8 42. Qd6 Kh7 43. Rb1 Qg4 44. Rb8 Rc8 45. Rxc8 Qxc8 46. Qd8 1-0

[Event "*** Titled Tuesday Blitz"]
[Site "Chess.com"]
[Date "2020.04.21"]
[Round "2"]
[White "ChristianAlm"]
[Black "tteshan"]
[Result "1/2-1/2"]
[WhiteElo "2445"]
[BlackElo "2232"]
[TimeControl "180+1"]
[EndTime "10:16:54 PDT"]
[Termination "Game drawn by repetition"]

1. d4 Nf6 2. Bg5 e6 3. e4 Be7 4. Bd3 d6 5. Nd2 O-O 6. Ngf3 h6 7. Bxf6 Bxf6 8. e5 dxe5 9. dxe5 Be7 10. Qe2 Nc6 11.
O-O-O Qd5 12. Kb1 Nb4 13. Bc4 Qa5 14. a3 Nc6 15. Nb3 Qb6 16. h4 a5 17. Ka2 a4 18.
Nbd4 Qc5 19. h5 Nxd4 20. Rxd4 Rd8 21. Rxd8+ Bxd8 22. Rd1 Be7 23. Bd3 b6 24. Qe4 Qd5+ 25. Qxd5 exd5 26. Bb5 Bb7 27. Nd4 c5 28. Nc6 Bf8 29. Ka1 Rc8 30. Na7 Ra8 31. Nc6 Rc8 32.
Na7 Ra8 33. Nc6 1/2-1/2

[Event "*** Titled Tuesday Blitz"]
[Site "Chess.com"]
[Date "2020.04.21"]
[Round "2"]
[White "Beca95"]
[Black "jfriedel"]
[Result "1-0"]
[WhiteElo "2857"]
[BlackElo "2581"]
[TimeControl "180+1"]
[EndTime "10:16:55 PDT"]
[Termination "Beca95 won by resignation"]

1. d4 Nf6 2. Nf3 e6 3. Bg5 c5 4. e3 Be7 5. Nbd2 b6 6. c3 Bb7 7. Bd3 O-O 8. Qe2 cxd4 9. cxd4 Nc6 10. a3 Nd5 11. h4 f5 12. g3 Nf6 13. Bxf6 Bxf6 14. Ba6 Bxa6 15. Qxa6 Rc8 16. Qd3 d5 17. Ke2 Qd7 18. Rac1 Rc7 19. Rc2 Rfc8 20. Rhc1 Na5 21. b4 Rxc2 22. Rxc2 Rxc2 23. Qxc2 Qb5+ 24. Qd3 Nc4 25.
Nxc4 dxc4 26. Qc3 Qc6 27. a4 a6 28. b5 axb5 29. axb5 Qxb5 30. Nd2 Be7 31. Nxc4 Qc6 32.
Qb3 b5 33. Ne5 Qb6 34. d5 b4 35. dxe6 Qb5+ 36. Nd3 Bd6 37. e7+ 1-0

[Event "*** Titled Tuesday Blitz"]
[Site "Chess.com"]
[Date "2020.04.21"]
[Round "2"]
[White "AnishGiri"]
[Black "canary2016"]
[Result "1-0"]
[WhiteElo "3009"]
[BlackElo "1851"]
[TimeControl "180+1"]
[EndTime "10:16:55 PDT"]
[Termination "AnishGiri won on time"]

1. d4 d5 2. c4 c6 3. Nc3 Nf6 4. Nf3 e6 5. e3 Nbd7 6. Qc2 Bd6 7. Bd3 dxc4 8. Bxc4 b5 9. Be2 O-O 10. O-O Bb7 11. Rd1 Qc7 12. Bd2 Rac8 13. Rac1 a6 14. b4 Rfd8 15. a3 e5 16. Bd3 h6 17. h3 Re8 18.
Qb1 exd4 19. exd4 Bf4 20. Ne2 Bxd2 21. Rxd2 Nd5 22. Bh7+ Kf8 23. Bf5 Rcd8 24. Bxd7 Qxd7 25. Ne5 Qd6 26. Rcd1 Qf6 27. Qh7 g5 28. Rd3 Qg7 29. Qf5 Bc8 30. Qf3 Re6 31. R3d2 Rf6 32. Qg3 Re8 33. Rc1 Nf4 34. Nxf4 gxf4 35. Qf3 Re7 36. Rxc6 Re8 37. Rc7 Be6 38. Rdc2 Qh7 39. R2c6 Qg7 40.
Kh2 Qh7 41. d5 Bg4 42. Nxg4 Rxc6 43. dxc6 1-0

[Event "*** Titled Tuesday Blitz"]
[Site "Chess.com"]
[Date "2020.04.21"]
[Round "2"]
[White "francyIM"]
[Black "NiranjanNavalgund"]
[Result "1-0"]
[WhiteElo "2706"]
[BlackElo "2490"]
[TimeControl "180+1"]
[EndTime "10:16:58 PDT"]
[Termination "francyIM won by resignation"]

1. d4 d5 2. c4 e6 3. Nc3 c5 4. cxd5 exd5 5. Nf3 Nc6 6. g3 Nf6 7. Bg2 cxd4 8. Nxd4 Bc5 9. Nb3 Bb6 10. O-O O-O 11. Nxd5 Nxd5 12. Qxd5 Qe7 13. Qe4 Qxe4 14. Bxe4 Re8 15.
Bf3 Ne5 16. Bg2 Bg4 17. e3 Nd3 18. Bxb7 Rab8 19. Bc6 Red8 20. Bb5 Be2 21. Bxd3 Rxd3 22. Re1 Bf3 23. Bd2 Rbd8 24. Bc3 h5 25. Nd4 Bxd4 26.
exd4 h4 27. Re3 Rxe3 28. fxe3 h3 29. a4 Rb8 30. a5 a6 31. Ra4 f5 32. Rc4 Re8 33. Kf2 Be4 34. Rc7 g5 35. Ra7 Bd3 36. d5 f4 37. gxf4 gxf4 38. exf4 Re2+ 39. Kg3 Bf5 40. d6 Rg2+ 41. Kh4 Rxh2 42. d7 Bxd7 43. Rxd7 Rh1 44. Kg3 Rf1 45. Rd4 Rh1 46. Rd2 Kf7 47. Rh2 1-0

[Event "*** Titled Tuesday Blitz"]
[Site "Chess.com"]
[Date "2020.04.21"]
[Round "2"]
[White "MikaelyanArman"]
[Black "hornsounder"]
[Result "1-0"]
[WhiteElo "2740"]
[BlackElo "2341"]
[TimeControl "180+1"]
[EndTime "10:16:58 PDT"]
[Termination "MikaelyanArman won by resignation"]

1. e4 e6 2. d4 d5 3. Bd3 c5 4. exd5 exd5 5. Nf3 Nc6 6. O-O Nf6 7. Re1+ Be7 8. dxc5 O-O 9. Bg5 Bg4 10. Nbd2 Bxc5 11. h3 Bh5 12. c3 Qb6 13. Re2 Nd7 14. b4 Bd6 15. Qc2 Bg6 16. Bxg6 hxg6 17. Qd3 d4 18. Nc4 Qc7 19. Nxd4 Nce5 20. Nxe5 Nxe5 21. Qc2 a6 22. Rae1 f6 23. Ne6 Qc4 24. Nxf8 Kxf8 25. Re4 Qc6 26.
Bf4 Rc8 27. Qd1 Bb8 28. c4 Nxc4 29. Bxb8 Rxb8 30. Rxc4 1-0

[Event "*** Titled Tuesday Blitz"]
[Site "Chess.com"]
[Date "2020.04.21"]
[Round "2"]
[White "SmirnovAlexandrA"]
[Black "IngOscarArdila"]
[Result "1-0"]
[WhiteElo "2390"]
[BlackElo "2058"]
[TimeControl "180+1"]
[EndTime "10:16:58 PDT"]
[Termination "SmirnovAlexandrA won by resignation"]

1. e4 e5 2. Nf3 Nf6 3. Nxe5 d6 4. Nf3 Nxe4 5. Nc3 Nxc3 6. dxc3 Be7 7. Be3 Nd7 8. Qd2 Nf6 9. h3 O-O 10. O-O-O c5 11. g4 Qa5 12. Kb1 Be6 13. a3 b5 14.
Ng5 Rab8 15. Nxe6 fxe6 16. Bg2 b4 17. axb4 cxb4 18. c4 Qa4 19. b3 Qa3 20. Qc1 Qa5 21. Qb2 Nd7 22. Bd4 e5 23. Be3 Nc5 24. Bxc5 Qxc5 25.
Bd5+ Kh8 26. f3 Bf6 27. Be4 Bg5 28. Rd5 Qb6 29. Rhd1 Rbd8 30. Qa2 Qf2 31. Qa5 Be3 32. Qxb4 Bc5 33. Qd2 Qg3 34. Rxc5 dxc5 35. Qxd8 Qf4 36. Qe7 g6 37. Rd7 Qh6 38. Qxe5+ Kg8 39. Bd5+ 1-0

[Event "*** Titled Tuesday Blitz"]
[Site "Chess.com"]
[Date "2020.04.21"]
[Round "2"]
[White "Gandrade2"]
[Black "Egorov_Pavel"]
[Result "0-1"]
[WhiteElo "1968"]
[BlackElo "2376"]
[TimeControl "180+1"]
[EndTime "10:16:58 PDT"]
[Termination "Egorov_Pavel won by checkmate"]

1. d4 Nf6 2. c4 g6 3. Nc3 d5 4.
cxd5 Nxd5 5. Bd2 Bg7 6. e4 Nb6 7. Be3 O-O 8. Be2 Nc6 9. Nf3 Bg4 10. e5 Bxf3 11. Bxf3 Nc4 12. b3 Nxe3 13. fxe3 Bh6 14. Qe2 e6 15. O-O Nxd4 16. exd4 Qxd4+ 17. Kh1 Qxc3 18. Bxb7 Rad8 19. Rad1 Rd2 20. Rxd2 Qxd2 21. Qa6 Be3 22. Bf3 Rd8 23. Qa4 Qd4 24. Qb5 Qc5 25.
Qa6 Qxe5 26. b4 Bb6 27. a4 c5 28. a5 Bc7 29. Qb7 Qxh2# 0-1

[Event "*** Titled Tuesday Blitz"]
[Site "Chess.com"]
[Date "2020.04.21"]
[Round "2"]
[White "ViktoriyaTarasova"]
[Black "mortngabriel"]
[Result "1-0"]
[WhiteElo "2488"]
[BlackElo "2445"]
[TimeControl "180+1"]
[EndTime "10:16:59 PDT"]
[Termination "ViktoriyaTarasova won by checkmate"]

1. d4 Nf6 2. c4 e6 3. Nc3 Bb4 4. Qc2 O-O 5. Nf3 c5 6. dxc5 Na6 7. g3 Nxc5 8. Bg2 Nce4 9. O-O Nxc3 10. bxc3 Be7 11.
e4 d6 12. e5 dxe5 13. Nxe5 Qc7 14. Qe2 Bd6 15. Bf4 g5 16. c5 gxf4 17. cxd6 Qxd6 18. gxf4 Rb8 19. Rfd1 Qe7 20. Rd3 Kh8 21. Rad1 Rg8 22.
Kh1 Rxg2 23. Kxg2 b6 24. Rd8+ Kg7 25. f3 Nd5 26. R8xd5 exd5 27. Qf2 Qf6 28. Qg3+ Kh8 29. Kh1 Be6 30. Rg1 Qh6 31. f5 Rf8 32. fxe6 fxe6 33.
Nf7+ Rxf7 34. Qg8# 1-0

[Event "*** Titled Tuesday Blitz"]
[Site "Chess.com"]
[Date "2020.04.21"]
[Round "2"]
[White "vaishali2001"]
[Black "VerdeNotte"]
[Result "0-1"]
[WhiteElo "2499"]
[BlackElo "2717"]
[TimeControl "180+1"]
[EndTime "10:17:00 PDT"]
[Termination "VerdeNotte won by resignation"]

1. e4 e5 2. Nf3 Nc6 3. Bb5 a6 4. Ba4 d6 5. c3 Bd7 6. O-O g6 7. d4 Bg7 8. Bg5 f6 9. Be3 Nh6 10. Bb3 Qe7 11. Nbd2 Ng4 12. a4 Nxe3 13. fxe3 Nd8 14. a5 Ne6 15. d5 Nd8 16. Ba4 O-O 17. Bxd7 Qxd7 18. b4 Nf7 19. c4 Rae8 20.
Qb3 f5 21. b5 f4 22. Rac1 fxe3 23. Qxe3 Bh6 24. Qa7 Ng5 25. Qxb7 Nxf3+ 26. Nxf3 Bxc1 27. Rxc1 Qg4 28. Rf1 Qxe4 29. Re1 Qxc4 30. bxa6 e4 31.
Ng5 Qd4+ 32. Kh1 Qd2 33. Qb1 Qxg5 34. a7 Qxd5 35. Qc1 Qc5 0-1

[Event "*** Titled Tuesday Blitz"]
[Site "Chess.com"]
[Date "2020.04.21"]
[Round "2"]
[White "SketchyMoves"]
[Black "eightbyeightchess"]
[Result "1-0"]
[WhiteElo "2675"]
[BlackElo "2435"]
[TimeControl "180+1"]
[EndTime "10:17:00 PDT"]
[Termination "SketchyMoves won by resignation"]

1. e4 e6 2. f4 d5 3. e5 c5 4. Nf3 Nc6 5. c3 a6 6. Na3 b5 7. Nc2 d4 8. Bd3 Bb7 9. Be4 d3 10. Ne3 f5 11. exf6 Nxf6 12. Bxc6+ Bxc6 13. b3 Bd6 14. Ne5 Bb7 15. O-O O-O 16. c4 Bxe5 17. fxe5 Qd4 18. Rb1 Qxe5 19. Bb2 Qg5 20. Bxf6 Rxf6 21.
Rxf6 Qxf6 22. Qh5 Rf8 23. Rf1 Qb2 24. Qxc5 Rxf1+ 25. Nxf1 bxc4 26. Qe7 Qd4+ 27. Kh1 Bxg2+ 28. Kxg2 Qe4+ 29. Kg1 Qd4+ 30. Ne3 h6 31. Qxe6+ Kh8 32. Qc8+ Kh7 33. Qxc4 Qa1+ 34. Kg2 Qxa2 35. Qxd3+ 1-0

[Event "*** Titled Tuesday Blitz"]
[Site "Chess.com"]
[Date "2020.04.21"]
[Round "2"]
[White "2nd_life"]
[Black "CraiggoryC"]
[Result "1-0"]
[WhiteElo "2388"]
[BlackElo "2065"]
[TimeControl "180+1"]
[EndTime "10:17:00 PDT"]
[Termination "2nd_life won on time"]

1. e4 e6 2. d4 d5 3. Nc3 Bb4 4. e5 c5 5. a3 Bxc3+ 6. bxc3 Ne7 7. h4 Nbc6 8. h5 Qa5 9. Bd2 Bd7 10. Nf3 O-O-O 11. h6 gxh6 12. Rxh6 Ng8 13. Rh4 f6 14. Bd3 c4 15. Be2 fxe5 16. Nxe5 Nxe5 17. dxe5 Ne7 18. Bg4 Ng6 19. Rh5 Rdf8 20. g3 Qc7 21. Qe2 Rf7 22. Qe3 Kb8 23. Qd4 Bc8 24. Be3 b6 25. a4 Rhf8 26.
a5 Bb7 27. axb6 axb6 28. Qxb6 Qxb6 29. Bxb6 Bc8 30. Bd4 Rb7 31. f4 Rff7 32. Kd2 1-0

[Event "*** Titled Tuesday Blitz"]
[Site "Chess.com"]
[Date "2020.04.21"]
[Round "2"]
[White "ChessTraining77"]
[Black "BogdanDeac"]
[Result "1-0"]
[WhiteElo "2934"]
[BlackElo "2917"]
[TimeControl "180+1"]
[EndTime "10:17:01 PDT"]
[Termination "ChessTraining77 won on time"]

1. e4 c6 2. d4 d5 3. e5 Bf5 4. Nf3 e6 5. Be2 Ne7 6. c3 Nd7 7. O-O h6 8. Nbd2 a5 9. a4 Qc7 10. Nb3 Bg4 11. Bd2 Bxf3 12. Bxf3 c5 13. Be2 Nc6 14.
Bb5 Qb6 15. Be3 cxd4 16. Nxd4 Qc7 17. f4 Bc5 18. Qg4 O-O 19. Rae1 Rae8 20. Kh1 Qb6 21. f5 Ndxe5 22. Qg3 Kh8 23. f6 Rg8 24. Qh3 Ng6 25.
Bxh6 1-0

[Event "*** Titled Tuesday Blitz"]
[Site "Chess.com"]
[Date "2020.04.21"]
[Round "2"]
[White "DejanNestor64"]
[Black "WiktoriaPOL"]
[Result "1-0"]
[WhiteElo "2387"]
[BlackElo "2063"]
[TimeControl "180+1"]
[EndTime "10:17:01 PDT"]
[Termination "DejanNestor64 won on time"]

1. d4 Nf6 2. c4 g6 3. Nc3 Bg7 4.
e4 d6 5. Be2 O-O 6. Bg5 c5 7.
d5 e6 8. Nf3 exd5 9. cxd5 h6 10. Bh4 Re8 11. Nd2 a6 12. a4 Nbd7 13. O-O g5 14. Bg3 Ne5 15. Qc2 h5 16. f4 gxf4 17.
Bxf4 Ng6 18. Bg5 h4 19. Nc4 Ne5 20. Nxe5 Rxe5 21. Bxh4 Kh7 22. Rf4 Bd7 23. Raf1 Kg6 24.
Bg4 Bxg4 25. Rxg4+ Kh7 26. Rgf4 1-0

[Event "*** Titled Tuesday Blitz"]
[Site "Chess.com"]
[Date "2020.04.21"]
[Round "2"]
[White "Zaven_ChessMood"]
[Black "crazy_machine"]
[Result "1-0"]
[WhiteElo "2970"]
[BlackElo "2605"]
[TimeControl "180+1"]
[EndTime "10:17:02 PDT"]
[Termination "Zaven_ChessMood won by resignation"]

1. e4 d6 2. d4 Nf6 3. Nc3 g6 4. f4 Bg7 5. Nf3 O-O 6. Bd3 Na6 7. O-O c5 8. d5 Rb8 9. Kh1 Bg4 10. h3 Bxf3 11. Qxf3 Nb4 12. f5 Nxd3 13. cxd3 b5 14. Bg5 Nd7 15. Rae1 Ne5 16. Qg3 c4 17. d4 Nd3 18. e5 Nxe1 19. f6 exf6 20. exf6 Bh8 21. Qxe1 Re8 22. Qh4 b4 23. Ne4 c3 24. bxc3 bxc3 25.
Nxc3 Rb2 26. Ne4 Qb6 27. Bc1 Rb1 28. Ng5 h5 29. Qf4 Qb4 30. Nxf7 Re1 31. Nxh8 Rxf1+ 32. Qxf1 Qb8 33. f7+ Kg7 34. Nxg6 Rxc1 35. Qxc1 Kxg6 36. Qf4 Qf8 37. Kh2 a5 38. a4 Qxf7 39. Qxd6+ Kg7 40. Qe5+ Kh7 41. d6 Qd7 42. Qe7+ 1-0

[Event "*** Titled Tuesday Blitz"]
[Site "Chess.com"]
[Date "2020.04.21"]
[Round "2"]
[White "HaryKane"]
[Black "SlavenPastar"]
[Result "1-0"]
[WhiteElo "2663"]
[BlackElo "2411"]
[TimeControl "180+1"]
[EndTime "10:17:02 PDT"]
[Termination "HaryKane won by resignation"]

1. e4 b6 2. d4 Bb7 3. Bd3 Nf6 4. Qe2 e6 5. Nd2 d5 6. e5 Nfd7 7. Ngf3 a5 8. c3 Ba6 9. O-O Bxd3 10. Qxd3 c5 11. Rd1 c4 12. Qe2 Nc6 13. b3 cxb3 14.
axb3 Be7 15. Nf1 Rb8 16. Ng3 h5 17. h3 g6 18. Be3 b5 19. Qd2 Qc7 20. Rdc1 Nb6 21. Bg5 Bxg5 22. Qxg5 Qd8 23. Qf4 Ne7 24. Ng5 Nf5 25. Nxf5 gxf5 26. Rxa5 Nd7 27. Ra7 h4 28. Rca1 Rc8 29. Rc1 Rg8 30. Nf3 Rh8 31.
Kh1 Nf8 32. Rb7 Rb8 33. Rxb8 Qxb8 34. Ra1 Qd8 35. Ra7 Ng6 36. Qg5 Qxg5 37. Nxg5 Kf8 38. Rxf7+ 1-0

[Event "*** Titled Tuesday Blitz"]
[Site "Chess.com"]
[Date "2020.04.21"]
[Round "2"]
[White "ashookk"]
[Black "Poghosyan_Suren"]
[Result "0-1"]
[WhiteElo "2266"]
[BlackElo "2483"]
[TimeControl "180+1"]
[EndTime "10:17:02 PDT"]
[Termination "Poghosyan_Suren won by checkmate"]

1. Nf3 c5 2. c4 Nc6 3. d4 cxd4 4. Nxd4 Nf6 5. Nc3 g6 6. e4 Bg7 7. Be3 O-O 8. Be2 d6 9. O-O Bd7 10. Qd2 Rc8 11. f3 a5 12. Rfd1 Nxd4 13. Bxd4 Bc6 14. Rac1 Nd7 15. Be3 Nc5 16. b3 f5 17.
exf5 Rxf5 18. Kh1 Qf8 19. Nd5 e6 20. Nb6 Rd8 21. Bd3 Rxf3 22. Bxg6 Rf6 23. Bb1 Ne4 24. Qe2 Rg6 25. Rf1 Qe7 26. c5 Qh4 27. Bf2 Rxg2 28.
Bxh4 Rxe2 29. Bxd8 Nf2+ 30. Kg1 Nh3# 0-1

[Event "*** Titled Tuesday Blitz"]
[Site "Chess.com"]
[Date "2020.04.21"]
[Round "2"]
[White "RiskyDecision"]
[Black "BillieKimbah"]
[Result "0-1"]
[WhiteElo "2554"]
[BlackElo "2804"]
[TimeControl "180+1"]
[EndTime "10:17:03 PDT"]
[Termination "BillieKimbah won on time"]

1. d4 Nf6 2. c4 g6 3. g3 Bg7 4. Bg2 O-O 5. Nc3 d6 6. Nf3 Nbd7 7. O-O e5 8. e4 c6 9. h3 Qb6 10. c5 dxc5 11. dxe5 Ne8 12. e6 fxe6 13. Qc2 Nd6 14. Rd1 Nf7 15. h4 c4 16. Be3 Qa5 17. Nd4 Nde5 18. Bh3 Re8 19. f4 Nd3 20. e5 Nfxe5 21.
fxe5 Qxe5 22. Bf2 Rf8 23. Re1 Rxf2 24. Rxe5 Rxc2 25. Nxc2 Bxe5 26. Rf1 Bxg3 27. Ne4 Bxh4 28. Nd4 e5 29. Ne6 Nf4 30. Nxf4 exf4 31. Bxc8 Rxc8 32. Rxf4 Be7 33. Nd2 b5 34. Re4 Re8 35. Kg2 Kf7 36. Nf3 Bf6 37. Rf4 Kg7 38. Kf2 Bxb2 39. a4 c3 40. Nd4 Bc1 41. Rf3 b4 42. Nb3 Bg5 43.
Rd3 c2 0-1

[Event "*** Titled Tuesday Blitz"]
[Site "Chess.com"]
[Date "2020.04.21"]
[Round "2"]
[White "Pavlov_Sergey"]
[Black "WinstonSilvakov"]
[Result "1-0"]
[WhiteElo "2625"]
[BlackElo "2145"]
[TimeControl "180+1"]
[EndTime "10:17:03 PDT"]
[Termination "Pavlov_Sergey won by resignation"]

1. Nf3 c5 2. c4 Nc6 3. d4 cxd4 4. Nxd4 e5 5. Nb5 d6 6. g3 a6 7. N5c3 Nf6 8. Bg2 Be7 9. O-O O-O 10. Bg5 Ne8 11. Be3 Bg5 12. Bxg5 Qxg5 13. Nd5 Be6 14. Nbc3 Rd8 15. e3 Qh6 16. Qb3 Rd7 17. Rad1 f5 18.
Qb6 Rdf7 19. c5 dxc5 20. Qxc5 f4 21. exf4 exf4 22. Nxf4 Rxf4 23. gxf4 Qxf4 24. Nd5 Qg5 25. f4 Qh6 26. Rfe1 Bg4 27. Rd2 Qg6 28. Ne7+ Nxe7 29. Qxe7 Nf6 30. Qxb7 Bh3 31. Qb3+ Kh8 32. Qxh3 Ng4 33. Qa3 Qf6 34. Rde2 Qb6+ 35. Kh1 Rg8 36. h3 Nf2+ 37. Kh2 h5 38. Qe3 Qxb2 39. Rxb2 1-0

[Event "*** Titled Tuesday Blitz"]
[Site "Chess.com"]
[Date "2020.04.21"]
[Round "2"]
[White "kasparicy"]
[Black "sganerdene"]
[Result "0-1"]
[WhiteElo "2327"]
[BlackElo "2658"]
[TimeControl "180+1"]
[EndTime "10:17:03 PDT"]
[Termination "sganerdene won on time"]

1. e4 c5 2. Nf3 e6 3. d4 cxd4 4. Nxd4 Nc6 5. Nc3 d6 6. g4 Nge7 7. Be3 Ng6 8. Qd2 a6 9. O-O-O Qc7 10. f4 b5 11. h4 Bb7 12. h5 Nxd4 13. hxg6 Nc6 14.
Rxh7 Rg8 15. gxf7+ Qxf7 16. Kb1 O-O-O 17. Bb6 Rd7 18. f5 Kb8 19. Bh3 Ne5 20. g5 Nc4 21.
Qf2 exf5 22. Bxf5 Re7 23. g6 Qe8 24. b3 Ne5 25. Nd5 Bxd5 26. Rxd5 Rb7 27. Rh1 Be7 28.
Rhd1 Nxg6 29. Bxg6 Qxg6 30. e5 dxe5 31. Bc5 Bf6 32. Rd7 Qe4 33. Rxb7+ Qxb7 34. Qf5 Rc8 35.
Bd6+ Ka8 36. Bxe5 Rc5 37. Re1 Qd5 0-1